 Dungeon Crawl Stone Soup version 0.23.2-1-ga50397a6bc (webtiles) character file.

Game seed: 17784790632008831755

204 Freyura the Cudgeler (level 5, 0/33 HPs)
             Began as a Gargoyle Fighter on May 18, 2019.
             Killed by divine providence
             ... invoked by an orc priest
              (10 damage)
             ... on level 3 of the Dungeon.
             The game lasted 00:07:51 (1928 turns).

Freyura the Cudgeler (Gargoyle Fighter)             Turns: 1928, Time: 00:07:52

Health: 0/33       AC: 11    Str: 25    XL:     5   Next: 82%
Magic:  5/5        EV:  8    Int:  6    God:
Gold:   69         SH: 10    Dex: 10    Spells: 4/4 levels left

rFire    . . .     SeeInvis .   a - +0 flail
rCold    . . .     Gourm    .   c - +0 shield
rNeg     + . .     Faith    .   b - +0 scale mail
rPois    ∞         Spirit   .   (no helmet)
rElec    +         Reflect  .   (no cloak)
rCorr    .         Harm     .   (no gloves)
MR       .....     Rnd*Tele +   (no boots)
Stlth    ..........             (no amulet)
HPRegen  0.11/turn              j - ring of teleportation (curse)
MPRegen  0.09/turn              r - -2 ring of intelligence (curse)

@: mighty
A: negative energy resistance 1, electricity resistance, unbreathing,
petrification resistance, rot immunity, AC +4
a: no special abilities


You were on level 3 of the Dungeon.
You were not hungry.

You visited 1 branch of the dungeon, and saw 3 of its levels.

You collected 69 gold pieces.

Inventory:

Hand Weapons
 a - a +0 flail (weapon)
Armour
 b - a +0 scale mail (worn)
 c - a +0 shield (worn)
Jewellery
 j - a cursed ring of teleportation (left hand)
 r - a cursed -2 ring of intelligence (right hand)
Scrolls
 e - a scroll of fear {unknown}
 g - a scroll of remove curse {unknown}
 h - 2 scrolls of teleportation {unknown}
 i - 2 scrolls of immolation {unknown}
 m - 3 scrolls of identify {unknown}
 n - 2 scrolls of fog {unknown}
Potions
 d - a potion of might
 k - a potion of resistance {unknown}
 l - a potion of degeneration {unknown}
 o - a potion of heal wounds {unknown}
 p - 2 potions of lignification {unknown}
Comestibles
 f - 4 rations
 q - 3 chunks of flesh


   Skills:
 + Level 4.0 Fighting
 * Level 4.3 Maces & Flails
 + Level 3.8 Armour
 + Level 0.7 Dodging
 + Level 4.0 Shields


You had 4 spell levels left.
You didn't know any spells.
Your spell library was empty.

Dungeon Overview and Level Annotations

Branches:
Dungeon (3/15)

Altars:
Hepliaklqana


Innate Abilities, Weirdness & Mutations

You are resistant to torment.
Your stone body is resilient. (AC +4)
You are immune to poison.
You resist negative energy. (rN+)
You are resistant to electric shocks. (rElec)
You can survive without breathing.
You are immune to petrification.
You are immune to rotting.


Message History

The orc priest invokes the aid of Beogh against you.
Beogh smites you! The orc hits you but does no damage.
You closely miss the orc. The orc barely misses you.
The orc hits you but does no damage.
You barely miss the orc. You sock the orc!
You kill the orc!
The orc closely misses you. The orc closely misses you.
You see here a +0 club.
Your shield prevents you from hitting the orc.
The orc hits you with a +0 flail.
The orc priest casts a cantrip, but nothing happens.
You hit the orc priest.
The orc priest is moderately wounded.
The orc hits you but does no damage.
The orc priest mumbles some strange prayers to Beogh against you.
Beogh smites you!
You die...

...)...........................#
...................#........%...
...............##......#......##
................#.#...<.###..
..................#..#
##...............# ..# .
#...............#...#..
#.............o.#.)....
##...........wo@......#
#.....†......#.....?##
....####...#..###..../# ...#
#.#.#.## ..>..# ... #...#.#
...#.# .o. #.....# ...# # .
#....## ...# .....# ###. ..


You could see a worm, an orc priest and an orc.

Vanquished Creatures
  A crimson imp (D:2)
  A hound skeleton (D:2)
  4 gnolls (D:3)
  3 adders
  3 oozes
  2 worms (D:2)
  A dart slug (D:1)
  3 orcs (D:3)
  6 bats
  6 giant cockroaches
  9 goblins
  12 hobgoblins
  A quokka (D:2)
  A ball python (D:3)
  A frilled lizard (D:2)
  8 kobolds
  A leopard gecko skeleton (D:3)
  7 rats
70 creatures vanquished.

Notes
Turn   | Place    | Note
-------+----------+-------------------------------------------
     0 | D:1      | Freyura the Gargoyle Fighter began the quest for the Orb.
     0 | D:1      | Reached XP level 1. HP: 14/14 MP: 1/1
   159 | D:1      | Reached XP level 2. HP: 19/19 MP: 2/2
   522 | D:1      | Reached XP level 3. HP: 24/24 MP: 3/3
  1089 | D:2      | Reached XP level 4. HP: 18/29 MP: 4/4
  1447 | D:2      | Reached XP level 5. HP: 33/33 MP: 5/5
  1521 | D:2      | Found a hazy altar of Hepliaklqana.
  1928 | D:3      | Killed from afar by an orc priest

Skill      XL: |  1  2  3  4  5 |
---------------+----------------+-----
Maces & Flails | 3 4 |  4.3
Shields        | 4 |  4.0
Fighting       | 4 |  4.0
Armour         | |  3.8
Dodging        | |  0.7

Action                   |  1- 3 |  4- 6 || total
-------------------------+-------+-------++-------
Melee: Flail             |   130 |   138 ||   268
  Use: Potion            |       |     2 ||     2
  Eat: Chunk             |       |     4 ||     4
Armor: Scale mail        |    61 |   109 ||   170
Dodge: Dodged            |    36 |    66 ||   102
Block: Shield            |    54 |   112 ||   166
